 Dungeon Crawl Stone Soup version 0.21.1-1-g345015f (webtiles) character file.

193 inc the Scratcher (level 5, 22/22 HPs)
             Began as a Felid Transmuter on Feb 25, 2018.
             Was a Follower of Nemelex Xobeh.
             Quit the game on level 4 of the Dungeon.
             The game lasted 00:11:05 (4814 turns).

inc the Scratcher (Felid Transmuter)                Turns: 4814, Time: 00:11:06

Health: 22/22      AC:  2    Str:  6    XL:     5   Next: 44%
Magic:  9/9        EV: 18    Int: 17    God:    Nemelex Xobeh [*.....]
Gold:   185        SH:  0    Dex: 16    Spells: 2/8 levels left
                                        Lives:  0   Deaths: 1

rFire    . . .     SeeInvis +     - Unarmed
rCold    . . .     Gourm    .   (shield unavailable)
rNeg     . . .     Faith    .   (armour unavailable)
rPois    .         Spirit   .   (helmet unavailable)
rElec    .         Reflect  .   (cloak unavailable)
rCorr    .         Harm     .   (gloves unavailable)
MR       .....                  (boots unavailable)
Stlth    ++........             (no amulet)
HPRegen  0.07/turn              (no ring)
MPRegen  0.11/turn              (no ring)

@: quick
A: very small, no armour, no weapons or thrown items, stealth, claws 1, fangs 3,
see invisible, carnivore, speed 1, shaggy fur 2, slow metabolism 1, sharp paws
a: Renounce Religion


You were on level 4 of the Dungeon.
You worshipped Nemelex Xobeh.
Nemelex Xobeh was aware of your devotion.
You were not hungry.

You visited 1 branch of the dungeon, and saw 4 of its levels.

You collected 185 gold pieces.

Inventory:

Missiles
 a - 44 arrows
Jewellery
 x - an uncursed amulet of rage {unknown}
Wands
 t - a wand of flame (50)
Scrolls
 d - 6 scrolls of identify
 g - a scroll of blinking {unknown}
 h - a scroll of remove curse {unknown}
 i - 2 scrolls of magic mapping {unknown}
 j - 3 scrolls of fear {unknown}
 r - 6 scrolls of teleportation {unknown}
 u - a scroll of enchant armour {unknown}
 w - a scroll of noise {unknown}
 y - a scroll of fog {unknown}
Potions
 e - 2 potions of ambrosia {unknown}
 f - 2 potions of haste
 k - a potion of agility {unknown}
 l - a potion of curing {unknown}
 o - a potion of degeneration {unknown}
 p - 2 potions of flight {unknown}
 q - 2 potions of mutation
Books
 b - a book of Changes

   Spells                             Type                      Level
   a - Beastly Appendage              Transmutation                1
   b - Sticks to Snakes               Transmutation                2
   c - Spider Form                    Transmutation/Poison         3
   d - Ice Form                       Ice/Transmutation            4
   e - Blade Hands                    Transmutation                5
 n - a book of Misfortune

   Spells                             Type                      Level
   a - Confusing Touch                Hexes                        1
   b - Confuse                        Hexes                        3
   c - Gell's Gravitas                Translocation                3
   d - Petrify                        Transmutation/Earth          4
   e - Metabolic Englaciation         Hexes/Ice                    5
   f - Yara's Violent Unravelling     Hexes/Transmutation          5
 v - a book of Cantrips

   Spells                             Type                      Level
   a - Confusing Touch                Hexes                        1
   b - Animate Skeleton               Necromancy                   1
   c - Summon Small Mammal            Summoning                    1
   d - Apportation                    Translocation                1
Miscellaneous
 m - a plain deck of summoning {drawn: 6}
 z - an ornate deck of destruction {drawn: 1}
Comestibles
 c - 7 rations


   Skills:
 - Level 1.0 Fighting
 - Level 2.6 Dodging
 - Level 5.1 Unarmed Combat
 - Level 2.0 Spellcasting
 - Level 2.1 Transmutations
 + Level 5.0 Invocations


You had 2 spell levels left.
You knew the following spells:

 Your Spells              Type           Power        Failure   Level  Hunger
a - Beastly Appendage     Tmut           #.....       8%          1    #......
b - Sticks to Snakes      Tmut           #.......     12%         2    ###....
c - Spider Form           Tmut/Pois      #.........   36%         3    ###....


Dungeon Overview and Level Annotations

Branches:
Dungeon (4/15)
 Temple: D:4-7

Altars:
Cheibriados
Fedhas
Kikubaaqudgha
Nemelex Xobeh
Ru
Wu Jian


Innate Abilities, Weirdness & Mutations

You cannot wear armour.
You are incapable of wielding weapons or throwing items.
Your paws allow you to move quietly. (Stealth)
You have sharp claws.
You have razor-sharp teeth.
You have supernaturally acute eyesight. (SInv)
You are carnivorous and can eat meat at any time.
You cover ground quickly.
You are covered in thick fur. (AC +2)
You have a slow metabolism.
Your sharp claws are effective at attacking unaware monsters.


Message History

The worker ant poisons you!
Evoke which item? (* to show all) (? for menu, Esc to quit)
You draw a card...
It is Wild Magic.
There is a sudden and violent explosion of flames!
The fireball engulfs the worker ant.
The worker ant dies!
Your Invocations skill increases to level 5!
The fireball engulfs you!
Ouch! That really hurt!
You die...
Your shape twists and changes as you die.
You feel a surge of magic.
You are now level 5!
Your horns disappear.
You rejoin the land of the living...
Found a stone staircase leading down.
Welcome back, inc the Felid Transmuter.
Nemelex Xobeh says: It's all in the cards!
Press ? for a list of commands and other information.
Are you sure you want to abandon this character and quit the game? (Confirm with "yes".)

....... .....
....... #...#
....... #...#
(...... # #...#
.......
###.###...#
.######
..........#####
.####
...>...........
......
.......@..#
#.####
..........#
##.####
........###
#......
........#
#......
#########
#...... #...###
#...#.. #...#..
#(..#..


There were no monsters in sight!

Vanquished Creatures
  Blork the orc (D:4)
  2 hounds (D:4)
  An orc wizard (D:4)
  A worker ant (D:4)
  2 adders (D:2)
  An ooze (D:2)
  2 adder skeletons
  2 dart slugs
  A leopard gecko (D:4)
  5 orcs
  3 giant cockroaches
  4 goblins
  5 hobgoblins
  6 kobolds
  3 bats
  5 frilled lizards
  4 rats
48 creatures vanquished.

Vanquished Creatures (collateral kills)
  Terence (D:3)
  Jessica (D:3)
  Natasha (thrice) (D:2)
  Robin (D:2)
  2 adders (D:2)
  9 goblins (D:2)
  4 hobgoblins (D:2)
  2 jackals (D:3)
  A quokka (D:2)
  A bat (D:2)
  A kobold (D:3)
26 creatures vanquished.

Vanquished Creatures (others)
  A worker ant (D:4)
1 creature vanquished.

Grand Total: 75 creatures vanquished

Notes
Turn   | Place    | Note
-------+----------+-------------------------------------------
     0 | D:1      | inc the Felid Transmuter began the quest for the Orb.
     0 | D:1      | Reached XP level 1. HP: 9/9 MP: 4/4
   397 | D:1      | Reached XP level 2. HP: 12/12 MP: 6/6
   416 | D:1      | Learned a level 2 spell: Sticks to Snakes
  1103 | D:2      | Reached XP level 3. HP: 12/15 MP: 3/7
  1108 | D:2      | Learned a level 3 spell: Spider Form
  1449 | D:3      | Noticed Terence
  1543 | D:2      | Found an ancient bone altar of Kikubaaqudgha.
  1654 | D:2      | Found a sparkling altar of Nemelex Xobeh.
  1666 | D:2      | Became a worshipper of Nemelex Xobeh the Trickster
  1695 | D:2      | Reached XP level 4. HP: 16/19 MP: 1/8
  1711 | D:2      | Reached skill level 5 in Unarmed Combat
  1827 | D:2      | Received a gift from Nemelex Xobeh
  1867 | D:2      | Found a sparkling altar of Nemelex Xobeh.
  1894 | D:2      | Noticed Robin
  1913 | D:2      | Killed Robin
  2134 | D:2      | Noticed Natasha
  2165 | D:2      | Killed Natasha
  2165 | D:2      | Reached skill level 1 in Invocations
  2330 | D:2      | Noticed Natasha
  2467 | D:2      | Killed Natasha
  2471 | D:2      | Noticed Natasha
  2478 | D:2      | Killed Natasha
  2985 | D:3      | Found an ornate altar of the Wu Jian Council.
  3140 | D:3      | Noticed Jessica
  3143 | D:3      | Received a gift from Nemelex Xobeh
  3161 | D:3      | Killed Jessica
  3161 | D:3      | Reached XP level 5. HP: 22/22 MP: 9/9
  3211 | D:3      | Found a sacrificial altar of Ru.
  3243 | D:3      | Found a blossoming altar of Fedhas.
  3377 | D:3      | Reached * piety under Nemelex Xobeh
  3515 | D:3      | Killed Terence
  3914 | D:4      | Noticed Blork the orc
  3921 | D:4      | Killed Blork the orc
  3921 | D:4      | Gained mutation: You are covered in thick fur. (AC +2) [Felid growth]
  3921 | D:4      | Reached XP level 6. HP: 7/25 MP: 10/10
  3924 | D:4      | HP: 1/25 [inc's illusion (6)]
  4360 | D:4      | Found a snail-covered altar of Cheibriados.
  4363 | D:4      | Received a gift from Nemelex Xobeh
  4813 | D:4      | Reached skill level 5 in Invocations
  4813 | D:4      | Killed by a card of wild magic
  4814 | D:4      | Reached XP level 5. HP: -31/22 MP: 9/9
  4814 | D:4      | Quit the game

Skill      XL: |  1  2  3  4  5  6 |
---------------+-------------------+-----
Unarmed Combat | 4 5 |  5.1
Invocations    | 2 4 5 |  5.0
Fighting       | |  1.0
Dodging        | |  2.6
Spellcasting   | |  2.0
Transmutations | |  2.1

Action                   |  1- 3 |  4- 6 || total
-------------------------+-------+-------++-------
Melee: Unarmed           |    73 |    85 ||   158
       Bite              |     7 |     7 ||    14
       Headbutt          |     5 |    12 ||    17
       Punch             |     3 |     1 ||     4
 Cast: Beastly Appendage |    12 |    10 ||    22
       Sticks to Snakes  |     3 |     5 ||     8
Evoke: Deck              |       |    12 ||    12
  Use: Scroll            |       |     1 ||     1
       Potion            |       |     1 ||     1
 Stab: Sleeping          |     2 |     3 ||     5
  Eat: Chunk             |     5 |    10 ||    15
Armor: Skin              |     7 |     1 ||     8
Dodge: Dodged            |    68 |    78 ||   146
